 Dungeon Crawl Stone Soup version 0.31-a0-188-g5e087ee2ca (webtiles) character file.

Game seed: 1792928792770210094

137 qw the Skirmisher (level 5, -5/29 HPs)
             Began as a Deep Elf Hunter on June 23, 2023.
             Slain by a kobold brigand
             ... wielding a +0 short sword
              (6 damage)
             ... in a sewer.
             The game lasted 00:00:53 (1549 turns).

qw the Skirmisher (Deep Elf Hunter)                 Turns: 1549, Time: 00:00:54

Health: -5/29      AC:  6    Str: 10    XL:     5   Next: 0%
Magic:  7/7        EV: 11    Int: 14    God:
Gold:   65         SH:  0    Dex: 18    Spells: 4/4 levels left

rFire   . . .        Y - +0 shortbow
rCold   + + .        (shield currently unavailable)
rNeg    . . .        a - +0 ring mail {rC+}
rPois   .            (no helmet)
rElec   .            (no cloak)
rCorr   .            i - +0 pair of gloves
SInv    .            (no boots)
Will    .....        (no amulet)
Stlth   +            m - ring of protection from cold
HPRegen 0.24/turn    (no ring)
MPRegen 0.10/turn

%: no passive effects
@: no status effects
A: no striking features
a: no special abilities


You were in a sewer.
You visited 1 branch of the dungeon, and saw 3 of its levels.
You also visited: Sewer.

You collected 104 gold pieces.
You spent 39 gold pieces at shops.


   Skills:
 - Level 1.5 Fighting
 + Level 8.4 Ranged Weapons
 - Level 2.4 Dodging
 - Level 1.2 Stealth


You had 4 spell levels left.
You didn't know any spells.
Your spell library was empty.

Inventory:

Hand Weapons
 Y - a +0 shortbow (weapon)
Armour
 a - a +0 ring mail of cold resistance (worn)
 i - a +0 pair of gloves (worn)
Jewellery
 m - a ring of protection from cold (left hand)
Scrolls
 b - a scroll of identify
Potions
 e - a potion of might {unknown}
 g - a potion of curing
 h - a potion of enlightenment {unknown}
 j - a potion of mutation {unknown}
 k - a potion of haste {unknown}
 l - a potion of heal wounds {unknown}
 n - a potion of resistance {unknown}

Dungeon Overview and Level Annotations

Branches:
Dungeon (3/15)              Sewer (1/1)

Altars:

Shops:
D:2 !


Message History

The arrow closely misses the kobold brigand.
You shoot an arrow. The arrow hits the kobold brigand.
The kobold brigand is moderately wounded.
The kobold brigand hits you but does no damage.
You shoot an arrow. The arrow hits the kobold brigand.
The kobold brigand is heavily wounded.
The kobold brigand hits you but does no damage.
You shoot an arrow.
The arrow hits the kobold brigand but does no damage.
The kobold brigand is heavily wounded.
The kobold brigand hits you with a +0 short sword. x2
You shoot an arrow.
The arrow closely misses the kobold brigand.
You shoot an arrow. The arrow hits the kobold brigand.
The kobold brigand is severely wounded.
You shoot an arrow.
The arrow hits the kobold brigand but does no damage.
The kobold brigand is severely wounded.
The kobold brigand splashes around in the water.
You shoot an arrow. The arrow hits the kobold brigand.
The kobold brigand is severely wounded.
The kobold brigand closely misses you.
The kobold brigand splashes around in the water.
You shoot an arrow.
The arrow closely misses the kobold brigand.
The kobold brigand hits you but does no damage.
You shoot an arrow.
The arrow closely misses the kobold brigand.
The kobold brigand barely misses you.
You shoot an arrow.
The arrow barely misses the kobold brigand.
The kobold brigand barely misses you.
You shoot an arrow.
The arrow hits the kobold brigand but does no damage.
The kobold brigand is heavily wounded.
The kobold brigand hits you with a +0 short sword.
You shoot an arrow. The arrow hits the kobold brigand.
The kobold brigand is severely wounded.
The kobold brigand hits you with a +0 short sword.
You die...

~# #########~##
#.~..~...~.##### .
#~~~~~~~.~.~....
.K#~~~~~~~~~~~~~~~
.K.~~~~~~~~~~~~~~~
#.~~~~~~K~~~~~~~
#.~~)~~)@.~.....
#..~).)....###.#
############


You could see a kobold brigand.

Vanquished Creatures
  2 river rats (D:3)
  5 adders
  5 worms
  A dart slug (D:2)
  3 orcs (D:3)
  7 ball pythons
  3 bats
  3 endoplasms
  2 giant cockroaches (D:3)
  4 goblins
  2 hobgoblins (D:1)
  A jackal (Sewer)
  7 kobolds
  2 quokkas
  3 frilled lizards
  10 rats
60 creatures vanquished.

Notes
Turn   | Place    | Note
-------+----------+-------------------------------------------
     0 | D:1      | qw the Deep Elf Hunter began the quest for the Orb.
     0 | D:1      | Reached XP level 1. HP: 12/12 MP: 3/3
     0 | D:1      | 0 ||| qw: Version: 0.3-a-9-g12657ce
     0 | D:1      | 0 ||| qw: Game counter: 3365
     0 | D:1      | 0 ||| qw: Always use a shield: true
     0 | D:1      | 0 ||| qw: God list: Okawaru
     0 | D:1      | 0 ||| qw: Allow faded altars: false
     0 | D:1      | 0 ||| qw: Do Orc after D:15 true
     0 | D:1      | 0 ||| qw: Do second Lair branch before Depths: true
     0 | D:1      | 0 ||| qw: Lair rune preference: random
     0 | D:1      | 0 ||| qw: Plans: Normal
     0 | D:1      | 0 ||| PLANNING D:1-11
    79 | D:1      | Reached XP level 2. HP: 16/16 MP: 4/4
    83 | D:1      | Reached skill level 6 in Ranged Weapons
   440 | D:1      | 440 ||| UPGRADING to +0 ring mail.
   450 | D:1      | 450 ||| DROPPING +0 leather armour.
   451 | D:1      | 451 ||| UPGRADING to +0 pair of gloves.
   456 | D:1      | 456 ||| READING scroll labelled IPTAHU RAPOIHO.
   457 | D:1      | 457 ||| READING scroll labelled UVULEUCH KACWUAGG.
   458 | D:1      | 458 ||| READING scroll labelled TATALI QAREA.
   461 | D:1      | 461 ||| DROPPING scroll of butterflies.
   518 | D:2      | 518 ||| FLEEEEING.
   519 | D:2      | 519 ||| FLEEEEING.
   520 | D:2      | 520 ||| FLEEEEING.
   521 | D:2      | 521 ||| FLEEEEING.
   522 | D:2      | 522 ||| FLEEEEING.
   523 | D:2      | 523 ||| FLEEEEING.
   531 | D:2      | Reached XP level 3. HP: 20/20 MP: 5/5
   553 | D:2      | Reached skill level 7 in Ranged Weapons
   694 | D:2      | Found Wirrish's Distillery.
   703 | D:2      | 703 ||| BUYING potion of curing (39 gold).
   703 | D:2      | Bought a potion of curing for 39 gold pieces
   703 | D:2      | 703 ||| SHOPLISTING potion of haste (130 gold, have 38).
   703 | D:2      | 703 ||| SHOPLISTING potion of heal wounds (65 gold, have
                  | 38).
   703 | D:2      | 703 ||| SHOPLISTING potion of mutation (104 gold, have 38).
   941 | D:2      | 941 ||| READING scroll labelled SISAKHLOANEU.
   942 | D:2      | 942 ||| READING scroll labelled RUJ KENEUXOI.
  1043 | D:2      | 1043 ||| READING scroll labelled URIRIHUMEBI.
  1086 | D:3      | 1086 ||| PLANNING SEWER
  1094 | D:3      | Reached XP level 4. HP: 25/25 MP: 6/6
  1445 | D:3      | Reached skill level 8 in Ranged Weapons
  1471 | D:3      | Found a glowing drain.
  1472 | D:3      | 1472 ||| Stepping ~*~*~tactically~*~*~ (water).
  1476 | D:3      | 1476 ||| UPGRADING to +0 ring mail of cold resistance.
  1486 | D:3      | 1486 ||| DROPPING +0 ring mail.
  1487 | D:3      | 1487 ||| UPGRADING to ring of protection from cold.
  1488 | D:3      | 1488 ||| READING 2 scrolls labelled DUATEPAXYIM.
  1489 | D:3      | 1489 ||| READING 2 scrolls of identify.
  1489 | D:3      | 1489 ||| IDENTIFYING fuming red potion
  1490 | D:3      | 1490 ||| DROPPING potion of invisibility.
  1491 | D:3      | 1491 ||| DROPPING scroll of amnesia.
  1497 | Sewer    | Entered a sewer
  1515 | Sewer    | HP: 6/25 [river rat (5)]
  1516 | Sewer    | 1516 ||| READING 2 scrolls of teleportation.
  1517 | Sewer    | HP: 1/25 [river rat (6)]
  1518 | Sewer    | Noticed a kobold brigand
  1519 | Sewer    | 1519 ||| READING scroll of teleportation.
  1520 | Sewer    | Noticed a kobold brigand
  1537 | Sewer    | Reached XP level 5. HP: 7/29 MP: 7/7
  1540 | Sewer    | HP: 3/29 [kobold brigand/+0 short sword (5)]
  1548 | Sewer    | HP: 1/29 [kobold brigand/+0 short sword (3)]
  1549 | Sewer    | Slain by a kobold brigand

Levels and vault maps discovered:
D:1:      shiori_arrival_maze, layout_rooms, dreamdust_mushroom_princess,
          st_stairs_4
D:2:      layout_rooms, serial_shops, shop, chequers_serial_rivers_large_a,
          minmay_misc_feat_room
D:3:      layout_rooms, zin_treasury, portal_sewer_entry_e
Sewer:    sewer_kobolds

Skill      XL: |  1  2  3  4 |
---------------+-------------+-----
Ranged Weapons | 6 7 8 |  8.4
Fighting       | |  1.5
Dodging        | |  2.4
Stealth        | |  1.2

Action                     |  1- 3 |  4- 6 || total
---------------------------+-------+-------++-------
   Fire: Shortbow          |    90 |   120 ||   210
    Use: Scroll            |     6 |     4 ||    10
 Armour: Leather armour    |     7 |       ||     7
         Ring mail         |     9 |    15 ||    24
  Dodge: Dodged            |     6 |    20 ||    26

Table legend:
 A = Non-vault XP
 B = Vault XP
 C = Vault XP percentage of total XP
 D = Non-vault monster count
 E = Vault monster count
 F = Vault count percentage of total count
                 A         B        C        D         E       F
            +---------+---------+-------+---------+---------+-------
      Total |     139 |      57 |  29.1 |      40 |      20 |  33.3
            +---------+---------+-------+---------+---------+-------
        D:1 |      28 |       7 |  20.0 |      18 |       4 |  18.2
        D:2 |      57 |       0 |   0.0 |      11 |       0 |   0.0
        D:3 |      54 |      40 |  42.6 |      11 |       8 |  42.1
      Sewer |       0 |      10 | 100.0 |       0 |       8 | 100.0
            +---------+---------+-------+---------+---------+-------
